 Dungeon Crawl Stone Soup version 0.23.2-11-gf996548 (webtiles) character file.

Game seed: 1504211887207962340

56 Fang the Skirmisher (level 3, 0/24 HPs)
             Began as a Gargoyle Berserker on June 5, 2019.
             Was a Follower of Trog.
             Slain by a gnoll
             ... wielding a +0 club
              (3 damage)
             ... on level 2 of the Dungeon.
             The game lasted 00:01:02 (976 turns).

Fang the Skirmisher (Gargoyle Berserker)             Turns: 976, Time: 00:01:03

Health: 0/24       AC:  5    Str: 21    XL:     3   Next: 95%
Magic:  3/3        EV: 12    Int:  7    God:    Trog [*.....]
Gold:   53         SH:  0    Dex:  9    Spells: 2/2 levels left

rFire    . . .     SeeInvis .   a - +0 hand axe
rCold    . . .     Gourm    .   (no shield)
rNeg     + . .     Faith    .   b - +0 animal skin
rPois    ∞         Spirit   .   (no helmet)
rElec    +         Reflect  .   (no cloak)
rCorr    .         Harm     .   (no gloves)
MR       .....                  (no boots)
Stlth    +.........             (no amulet)
HPRegen  0.08/turn              (no ring)
MPRegen  0.08/turn              (no ring)

@: berserk cooldown, slowed, very slow
A: negative energy resistance 1, electricity resistance, unbreathing,
petrification resistance, rot immunity, AC +3
a: Berserk, Renounce Religion


You were on level 2 of the Dungeon.
You worshipped Trog.
Trog was aware of your devotion.
You were very hungry.

You visited 1 branch of the dungeon, and saw 2 of its levels.

You collected 53 gold pieces.

Inventory:

Hand Weapons
 a - a +0 hand axe (weapon)
Armour
 b - a +0 animal skin (worn)
Scrolls
 e - 2 scrolls of random uselessness {unknown}
 g - 2 scrolls of remove curse {unknown}
 i - a scroll of blinking {unknown}
 j - a scroll of immolation {unknown}
 k - a scroll of identify {unknown}
Potions
 f - a potion of resistance {unknown}
 h - a potion of might {unknown}
Comestibles
 c - 3 rations
 d - 2 chunks of flesh


   Skills:
 + Level 3.8 Fighting
 + Level 3.1 Axes
 + Level 2.9 Armour
 + Level 2.1 Dodging


You had 2 spell levels left.
You didn't know any spells.
Your spell library was empty.

Dungeon Overview and Level Annotations

Branches:
Dungeon (2/15)

Altars:


Innate Abilities, Weirdness & Mutations

You are resistant to torment.
Your stone body is resilient. (AC +3)
You are immune to poison.
You resist negative energy. (rN+)
You are resistant to electric shocks. (rElec)
You can survive without breathing.
You are immune to petrification.
You are immune to rotting.


Message History

You are exhausted.
You feel yourself slow down. The hobgoblin barely misses you.
The gnoll misses you.
You hit the gnoll.
The gnoll is moderately wounded.
You closely miss the hobgoblin.
The hobgoblin hits you but does no damage.
The gnoll hits you with a +0 club.
* * * LOW HITPOINT WARNING * * *
The hobgoblin hits you but does no damage.
The gnoll hits you with a +0 club.
* * * LOW HITPOINT WARNING * * *
You hit the gnoll.
The gnoll is severely wounded.
You barely miss the hobgoblin. The hobgoblin closely misses you.
The gnoll closely misses you. The hobgoblin barely misses you.
You barely miss the gnoll.
The gnoll is heavily wounded.
You barely miss the hobgoblin. The gnoll hits you with a +0 club.
You die...

#.#.##.# # #.#.##÷# #.
#......### #.####.##...#
#......####.# ###.#### #.#
######..### #.#
..........# #.### ##
###...#).@# #...# ..#
#..#)#gg# #...# #.#
#..#._.#.#####..÷##..##..
#.#..#.#...........<......
.##...# ..................
#... ................>..
.#.. .#^#####...######..
##..#..#.# #...# . #...#


You could see a gnoll and a hobgoblin.

Vanquished Creatures
  3 gnolls (D:2)
  An adder (D:2)
  A dart slug (D:1)
  A goblin (D:1)
  3 hobgoblins (D:1)
  3 bats (D:1)
  2 frilled lizards
  7 rats
21 creatures vanquished.

Notes
Turn   | Place    | Note
-------+----------+-------------------------------------------
     0 | D:1      | Fang the Gargoyle Berserker began the quest for the Orb.
     0 | D:1      | Reached XP level 1. HP: 14/14 MP: 1/1
   394 | D:1      | Reached XP level 2. HP: 17/19 MP: 2/2
   957 | D:2      | Found a faded altar of an unknown god.
   964 | D:2      | Reached XP level 3. HP: 23/23 MP: 3/3
   976 | D:2      | Slain by a gnoll

Skill      XL: |  1  2 |
---------------+-------+-----
Axes           | 3 |  3.1
Dodging        | 2 |  2.1
Fighting       | |  3.8
Armour         | |  2.9

Action                   || total
-------------------------++-------
Melee: Hand axe          ||    61
Invok: Berserk           ||     1
 Stab: Sleeping          ||     1
Armor: Animal skin       ||    22
Dodge: Dodged            ||    44
